[Event "Romanian Team Blitz Open 2022"]
[Site "Sebes"]
[Date "2022.12.04"]
[Round "5.11"]
[White "Vrencian, Lehel"]
[Black "Butolo, Alexandru-Mircea"]
[Result "1-0"]
[ECO "B30"]
[WhiteElo "2226"]
[BlackElo "2043"]
[Annotator "TA"]
[PlyCount "53"]
[EventDate "2022.12.04"]
[EventType "blitz"]
[EventCountry "ROU"]
[SourceTitle "playchess.com"]
[Source "ChessBase"]
[SourceQuality "1"]
[TimeControl "180+2"]

1. e4 c5 2. Nf3 Nc6 3. Bb5 e6 4. O-O Nge7 5. Re1 a6 6. Bxc6 Nxc6 7. d4 cxd4 8. Nxd4 Be7 {[%emt 0:00:01] B30: Sicilian: 2...Nc6 3 Bb5, lines without ...g6.} 9. Nxc6 bxc6 10. e5 (10. Qg4 $5 ) 10... O-O {[%emt 0:00:12] The position is equal.} 11. Nc3 {[%emt 0:00:02] [#]} Bb7 $146 ({Predecessor:} 11... f6 12. Qg4 fxe5 13. Rxe5 d6 14. Rh5 Qe8 15. Bg5 e5 16. Qe2 Bf5 17. Bxe7 Qxe7 18. Rxf5 Rxf5 19. Qc4+ Qf7 20. Qxc6 Rf8 {½-½ (20) Jones,G (2641)-Gormally,D (2467) England 2015}) 12. Qg4 (12. Ne4 $14) 12... Kh8 (12... f5 $5 13. Qg3 c5 $11) 13. Re3 {[%emt 0:00:32] Threatens to win with Rh3.} Qa5 (13... f5 $11 {remains equal.} 14. Qe2 Qc7) 14. Qh5 $16 {[%emt 0:00:19] Intending Rh3 and mate.} g6 15. Qh6 $40 {[%emt 0:00:04][%mdl 128] Threatening mate with Rh3. White attacks with force.} Rg8 $2 {[%emt 0:00:06][%mdl 8192] [#]} (15... f5 $16) 16. Rh3 $2 (16. Qxh7+ $1 {[%mdl 512] mates} Kxh7 17. Rh3+ Kg7 18. Bh6+ Kh8 19. Bf8+ Bh4 20. Rxh4#) 16... Rg7 17. Qf4 (17. Bg5 $16 Bxg5 18. Qxg5) 17... Qb4 {[%emt 0:00:18][%mdl 8192] [#]} (17... g5 $11 {and Black is okay.} 18. Qe3 c5) 18. Qxb4 $1 $18 Bxb4 19. Ne4 Be7 20. Bh6 {[%emt 0:00:09] Prevents c5.} Rgg8 {[%emt 0:00:42] [#]} (20... c5 {was necessary.}) 21. Rd1 (21. Bg5 $1 $18 Bxg5 22. Nxg5) 21... Rad8 $2 (21... c5 $16 22. Ng5 (22. Rxd7 Rgd8 $14) 22... Bxg5 23. Bxg5 Rgb8 24. Rxd7 Kg8) 22. Ng5 {[%emt 0:00:07] White is clearly winning.} Bxg5 23. Bxg5 {[%emt 0:00:01] Black must now prevent Bf6+.} Rb8 (23... Rgf8 $142 24. Rh6 f6) 24. Bf6+ Rg7 25. Rxd7 Kg8 26. Bxg7 Kxg7 27. Rb3 {[%emt 0:00:01] Weighted Error Value: White=0.72/Black=1.44} 1-0

[Event "Romanian Team Blitz Open 2022"]
[Site "Sebes"]
[Date "2022.12.04"]
[Round "5.12"]
[White "Prelipcean, Eric-Matei"]
[Black "Craciun, Sasha-Matei"]
[Result "1-0"]
[ECO "D37"]
[WhiteElo "1909"]
[BlackElo "2001"]
[Annotator "TA"]
[PlyCount "95"]
[EventDate "2022.12.04"]
[EventType "blitz"]
[EventCountry "ROU"]
[SourceTitle "playchess.com"]
[Source "ChessBase"]
[SourceQuality "1"]
[TimeControl "180+2"]

1. d4 d5 2. c4 e6 3. Nf3 Nf6 4. Nc3 Be7 5. Bf4 O-O 6. Rc1 {[%emt 0:00:01] D37: Queen's Gambit Declined: 5 Bf4.} Nbd7 7. c5 {[%emt 0:00:11] [#]} c6 $146 ({Predecessor:} 7... Nh5 8. Bd2 c6 9. e4 dxe4 10. Nxe4 Qc7 11. Bc4 e5 12. O-O exd4 13. Bg5 Ndf6 14. Nxf6+ Bxf6 15. Bxf6 {½-½ (15) Mchedlishvili,M (2629)-Miroshnichenko,E (2651) Konya 2011}) 8. h3 (8. e3 $11) 8... Re8 (8... Ne4 $15) 9. e3 Nf8 (9... Qa5 $11) 10. Bd3 Ng6 11. Bh2 Nd7 12. O-O e5 13. Bxg6 ({Don't play} 13. Nxe5 Ngxe5 14. dxe5 Nxc5 $11) 13... hxg6 14. Bxe5 ({But not} 14. dxe5 Nxc5 15. Nd4 a5 $11) 14... Nxe5 15. Nxe5 a5 16. a3 Qc7 17. Nd3 Bf6 18. b4 axb4 19. axb4 Bf5 20. Qd2 Ra3 21. Ra1 Rea8 {[%emt 0:00:01] [#]} 22. Rxa3 Rxa3 23. Qb2 Ra8 24. Nc1 g5 25. g4 Be6 26. N1e2 g6 27. Ng3 (27. b5 {keeps more tension.} Kg7 28. Kg2 Rh8 29. Ng3) 27... Kg7 28. Ra1 Rh8 29. Kg2 Qd7 30. b5 Bd8 (30... Qc7 $16 {might work better.} 31. bxc6 bxc6) 31. bxc6 (31. Ra7 $18) 31... bxc6 $16 32. Rb1 (32. Ra8 $16) 32... f5 $14 {[%emt 0:00:06] ...Bc7 is the strong threat.} 33. Qb7 Bc7 $1 34. gxf5 gxf5 {[%emt 0:00:01] aiming for ...f4.} 35. f4 gxf4 36. exf4 Rb8 (36... Bxf4 $2 37. Qxd7+ Bxd7 38. Rb7 $16) ({Black should play} 36... Kg6 $14) 37. Qa7 $16 Rc8 (37... Bxf4 $2 38. Qxd7+ Bxd7 39. Nh5+ Kh6 40. Nxf4 $18) 38. Rb7 {[%emt 0:00:01] Strongly threatening Na4.} Kg6 39. Na4 {[%emt 0:00:01] White is much more active. Pair of Knights!} (39. Nce2 $142) 39... Qe8 $2 {[%emt 0:00:07][%mdl 8192] A mistake that costs the game.} 40. Rxc7 $18 Rxc7 41. Qxc7 Bf7 42. Qd6+ Kh7 43. Qe5 ({Not} 43. Nxf5 Qe4+ 44. Kg3 Qxf5 $16) 43... Qa8 44. Qxf5+ Kg8 45. Qg5+ {[%emt 0:00:01] White mates.} Kf8 46. Qh6+ Ke7 47. Qd6+ Ke8 {[%emt 0:00:00] [#]} 48. Nf5 $1 {[%emt 0:00:00] Weighted Error Value: White=0.16 (very precise) /Black=0.31} 1-0

[Event "Romanian Team Blitz Open 2022"]
[Site "Sebes"]
[Date "2022.12.04"]
[Round "5.13"]
[White "Soltanici, Ruslan"]
[Black "Stanca, Adrian"]
[Result "1-0"]
[ECO "B08"]
[WhiteElo "2357"]
[BlackElo "2182"]
[Annotator "TA"]
[PlyCount "63"]
[EventDate "2022.12.04"]
[EventType "blitz"]
[EventCountry "ROU"]
[SourceTitle "playchess.com"]
[Source "ChessBase"]
[SourceQuality "1"]
[TimeControl "180+2"]

1. e4 {[%emt 0:00:02] Erenburg,Sergey} g6 2. d4 Bg7 3. Nc3 d6 4. Nf3 Nf6 5. Be2 O-O 6. O-O Nbd7 7. e5 Ne8 {[%emt 0:00:17] 7...Ne8 scores better than 7...dxe5.} 8. Bf4 c6 9. a4 {[%emt 0:00:04] [#]} a5 $146 {[%emt 0:00:08] B08: Pirc Defence: Classical System.} ({Predecessor:} 9... dxe5 10. dxe5 Nc7 11. Bc4 Nb6 12. Ba2 Bg4 13. Qe2 Ne6 14. Bxe6 fxe6 15. Bg3 Bxf3 16. gxf3 Qe8 17. Ne4 {0-1 (40) Fominyh,A (2579)-Morozevich,A (2732) Sochi 2004 EXT 2020 [Erenburg,Sergey]}) 10. Bg3 d5 11. Qd2 Nc7 (11... f6 $11 {should be considered.}) 12. Bd3 $14 Re8 13. h4 Na6 {[%emt 0:00:04] Inhibits h5.} ({Black should play} 13... h5 $14) 14. Rfe1 (14. h5 $16) 14... Nf8 15. h5 {[%emt 0:00:12] White is much more active.} Nb4 (15... gxh5 $14 16. Nh4 Ng6) 16. h6 $16 Bh8 17. Bf1 $36 {[%emt 0:00:02][%mdl 2048] White is in control.} Bg4 18. Nh2 (18. Nb1 $16) 18... Bf5 $14 19. Rac1 Qb6 20. Nd1 (20. f4 {seems wilder.} Nxc2 21. Rxc2 Bxc2 22. Qxc2 Qxd4+ 23. Kh1) 20... c5 (20... Bxc2 $14 21. Rxc2 Nxc2 22. Qxc2 Ne6) 21. c3 Nc6 22. Ne3 Be6 23. Nf3 cxd4 24. cxd4 Qb4 25. Bb5 {[%emt 0:00:00] [#] Strongly threatening Rc3.} (25. Rc3 {feels hotter.} Qxa4 26. Rc5 Qb4 27. Qd1) 25... Qxd2 26. Nxd2 Rec8 27. Nb3 Nd7 (27... g5 $142) 28. Bh4 Kf8 29. f4 Nb4 $2 (29... Nb6 $16 {was called for.} 30. Rc3 f6 31. exf6 exf6) 30. g4 $18 Nb6 31. Nc5 {[%emt 0:00:00] [#] Threatens to win with f5.} Rab8 $2 (31... Nc6 32. Red1 (32. Nxb7 Nxd4 33. Kf2 Nxb5 $17) 32... Rc7 33. Nxb7 Rac8 34. Bxc6 Rxc6 35. Rxc6 Rxc6 36. Nxa5 Rc8) 32. f5 {[%emt 0:00:24] Weighted Error Value: White=0.13 (very precise) /Black=0.38} 1-0

[Event "Romanian Team Blitz Open 2022"]
[Site "Sebes"]
[Date "2022.12.04"]
[Round "5.14"]
[White "Coicev, Matei-Andrei"]
[Black "Cosma, Ioan"]
[Result "0-1"]
[ECO "D20"]
[WhiteElo "2009"]
[BlackElo "2368"]
[Annotator "TA"]
[PlyCount "44"]
[EventDate "2022.12.04"]
[EventType "blitz"]
[EventCountry "ROU"]
[SourceTitle "playchess.com"]
[Source "ChessBase"]
[SourceQuality "1"]
[TimeControl "180+2"]

1. e4 e6 2. d4 d5 3. exd5 exd5 4. Nf3 Bd6 5. c4 dxc4 6. Bxc4 Ne7 {[%emt 0:00:01] [#]} (6... Nf6 $11 {remains equal.}) 7. O-O {[%emt 0:00:00] D20: Queen's Gambit Accepted: 3 e3 and 3 e4.} (7. Ng5 $1 $16 O-O 8. Qh5) 7... O-O $11 8. Nc3 Bf5 9. Re1 {[%emt 0:00:00] [#] White has an edge.} h6 $146 {[%emt 0:00:02] Inhibits Bg5.} ({Predecessor:} 9... Bg6 10. Bg5 Kh8 11. Nh4 c6 12. Nxg6+ fxg6 13. Qe2 Bxh2+ 14. Kh1 Bd6 15. Bxe7 Qxe7 16. Qxe7 Bxe7 17. Rxe7 b5 18. Nxb5 cxb5 19. Bd5 Na6 20. Bxa8 Rxa8 21. Rae1 {1-0 (21) Radanska,V (2095)-Ivanova,L Pernik 1992}) 10. Be3 (10. Nh4 $14) 10... Nd7 11. Qd2 Nb6 12. Bb3 {[%emt 0:00:00][%cal Oe3h6] aiming for Bxh6!} Ng6 13. Rad1 a6 (13... Bg4 {with more complications.} 14. Qc2 Bxf3 15. Qxg6 Kh8) 14. h3 Qf6 15. d5 Rae8 16. Bd4 Qd8 17. Bxb6 (17. g4 $11 Bf4 18. Be3 Bxe3 19. fxe3 (19. Rxe3 Bd7 $11)) 17... cxb6 $15 18. Nd4 ({White should try} 18. Rxe8 $15 Rxe8 19. Re1) 18... Bf4 $17 {[%emt 0:00:11] A strong pair of Bishops.} 19. Re3 ({Not} 19. Rxe8 $2 Rxe8 $19) 19... Bxe3 20. fxe3 Bd7 21. Rf1 (21. a4 {was necessary.}) 21... Qg5 $19 22. Nf3 Qxe3+ {[%emt 0:02:12] Weighted Error Value: White=0.37/Black=0.13 (very precise)} 0-1

[Event "Romanian Team Blitz Open 2022"]
[Site "Sebes"]
[Date "2022.12.04"]
[Round "5.15"]
[White "Itkis, Boris"]
[Black "Danila, Tudor-Gabriel"]
[Result "1-0"]
[ECO "E11"]
[WhiteElo "2343"]
[BlackElo "1939"]
[Annotator "TA"]
[PlyCount "97"]
[EventDate "2022.12.04"]
[EventType "blitz"]
[EventCountry "ROU"]
[SourceTitle "playchess.com"]
[Source "ChessBase"]
[SourceQuality "1"]
[TimeControl "180+2"]

1. d4 Nf6 2. c4 e6 3. Nf3 Bb4+ 4. Bd2 Be7 5. Nc3 b6 6. e4 {[%emt 0:00:02] E11: Bogo-Indian.} Bb7 7. d5 {[%emt 0:00:02] [#]} d6 $146 ({Predecessor:} 7... exd5 8. cxd5 c6 9. d6 Bxd6 10. e5 Bxe5 11. Nxe5 O-O 12. Be2 d5 13. O-O d4 {1-0 (21) Polyakevich,S (2302)-Akishin,O (2025) Novosibirsk 2007}) 8. Bd3 {[%emt 0:00:02] White is slightly better.} O-O 9. O-O Bc8 10. dxe6 {[%emt 0:00:02] White is more active.} Bxe6 11. Nd4 Bd7 12. h3 c5 13. Nc2 Nc6 14. f4 a6 15. Qf3 {[%emt 0:00:02] White leaves nothing to chance now.} Rc8 16. Rae1 Be6 (16... b5 $142) 17. Nd5 $16 Rb8 18. a4 {[%emt 0:00:02] Prevents b5.} Nd7 19. Bc3 Bf6 (19... Bh4 $142) 20. Nxf6+ Nxf6 21. e5 dxe5 22. fxe5 (22. Qxc6 Qxd3 23. fxe5 Nh5 $15) 22... Nd7 {[%emt 0:00:02] [#]} (22... Ne8 {is a better chance.} 23. Rd1 (23. Qe4 g6 $16) 23... Qc7) 23. Qxc6 $18 Qh4 24. Qe4 Qh6 25. Ne3 Rbe8 26. Nf5 Bxf5 27. Qxf5 Re6 28. Rf4 g6 29. Qg4 {[%emt 0:00:02] [#] aiming for Bf5.} Qg7 30. Rfe4 Rb8 31. R4e2 b5 32. cxb5 axb5 33. Bxb5 Nb6 34. a5 Nd5 35. Bc4 Nxc3 36. bxc3 Re7 37. a6 h5 38. Qf3 Rd8 39. e6 f5 40. Qe3 Kh7 41. Qxc5 Qf6 42. a7 f4 43. Qe5 Qf8 44. Rf1 f3 45. Rxf3 {[%emt 0:00:02] White mates.} Rd1+ 46. Kh2 Qh6 47. Rf7+ Rxf7 48. exf7 Rh1+ 49. Kxh1 {[%emt 0:00:04] Weighted Error Value: White=0.18 (very precise) /Black=0.58} 1-0

[Event "Romanian Team Blitz Open 2022"]
[Site "Sebes"]
[Date "2022.12.04"]
[Round "5.16"]
[White "Mainescu, Andrei-Cristian"]
[Black "Bulau, Andrei-Cristian"]
[Result "1-0"]
[ECO "B22"]
[WhiteElo "1860"]
[BlackElo "2154"]
[Annotator "TA"]
[PlyCount "63"]
[EventDate "2022.12.04"]
[EventType "blitz"]
[EventCountry "ROU"]
[SourceTitle "playchess.com"]
[Source "ChessBase"]
[SourceQuality "1"]
[TimeControl "180+2"]

1. e4 c5 2. Nf3 Nc6 3. c3 Nf6 4. e5 Nd5 5. d4 cxd4 6. cxd4 e6 7. Nc3 Nxc3 8. bxc3 d6 9. exd6 Bxd6 10. Bd3 Ne7 {[%emt 0:00:02] B22: Sicilian: 2 c3.} 11. O-O Ng6 {[%emt 0:00:08] [#]} 12. Ng5 $146 ({Predecessor:} 12. g3 O-O 13. h4 f5 14. h5 Ne7 15. Qe2 Nd5 16. Bd2 Nf6 17. Ne5 Bxe5 18. dxe5 {1-0 (60) Kuhn,C (2252)-Cramling Bellon,A (2035) Chess.com INT 2021}) 12... Qc7 (12... Nf4 $14) 13. h3 {[%emt 0:00:13] White is more active.} ({White should try} 13. d5 $16) 13... Bd7 (13... h6 $11 14. Ne4 Be7) 14. Ne4 (14. d5 $16) 14... Bh2+ 15. Kh1 Bf4 (15... Bc6 {seems wilder.} 16. Ba3 O-O-O 17. f3 Kb8) 16. Ba3 Bc6 {[%emt 0:00:08] Prevents d5.} 17. Re1 O-O-O 18. Qe2 (18. Rb1 {keeps more tension.} Nh4 19. f3 Kb8 20. Nc5) 18... Rhe8 19. Rab1 f5 (19... Nh4 {looks sharper.} 20. Qh5 Nxg2 21. Kxg2 f5) 20. Nc5 Nh4 (20... Bd6 $1 $11 {keeps the balance.} 21. Nxe6 Bxa3 22. Bxf5 Qf7) 21. f3 $36 {[%emt 0:00:03][%mdl 2048] White is on the roll.} (21. Nxe6 $2 Bxg2+ 22. Kg1 Bh2#) 21... e5 $2 {[%emt 0:00:07][%mdl 8192] [#]} (21... Bd6 $16) 22. Qc2 $2 ({Only move:} 22. Rxb7 $3 $18 Bxb7 23. Ba6) 22... g6 $11 {[%emt 0:00:18] [#]} 23. Bc4 $2 (23. Nxb7 $1 $18 Bxb7 24. Rxb7 Qxb7 25. Rb1 exd4 26. cxd4+ Bc7 27. Bf1 (27. Qf2 Bb6 $17)) 23... Rd6 $2 {[%emt 0:00:34][%mdl 8192] [#]} (23... Nxf3 $1 $11 {and Black stays safe.} 24. Be6+ (24. gxf3 Bxf3+ 25. Kg1 exd4 $11) 24... Rxe6 25. Nxe6 Nxe1 26. Rxe1 Qd7 27. Nxd8 Qxd8) 24. d5 (24. Ba6 $142 $1 bxa6 25. Nxa6) 24... Bxd5 (24... Rxd5 25. Bxd5 Bxd5) 25. Bxd5 $18 Rxd5 26. Rxb7 Qc6 27. Reb1 {[%emt 0:00:04] Intending Rb8+ and mate.} (27. Rxa7 Rd2 28. Qa4 Qxa4 29. Rxa4 Bg3 $18) (27. Rxh7 {[#]} Nxf3 $1 28. Rb1 (28. gxf3 $2 Rd2 $19) 28... Nd2 $15) 27... e4 (27... Rxc5 $2 28. Rb8+ (28. Rxh7 e4 $11) 28... Kc7 29. Rxe8 $18) 28. fxe4 {[%emt 0:00:04] Really sharp!} (28. Rxh7 $2 exf3 29. Rxh4 Rd2 $19) 28... Rxc5 (28... Rxe4 29. Qb2 (29. Nxe4 fxe4 30. Qb3 Nf5 $16) (29. Rxa7 $2 Rd2 $19) 29... Rxc5 30. Bxc5 (30. Rxa7 $2 Rb5 $19) 30... Nxg2 31. Rb8+ (31. Bxa7 $2 Re1+ 32. Rxe1 Nxe1+ 33. Kg1 Qxb7 $19) (31. Bg1 Rb4 $17) 31... Kd7 32. Qb7+ (32. Bxa7 Bxb8 33. Qb7+ Qxb7 $17) 32... Qxb7 33. R8xb7+ Kc6 34. Bxa7 Ne3 35. Rxh7 Nd5) 29. Bxc5 {[%emt 0:00:03][%cal Oc2b3] And now Qb3! would win.} (29. Rxa7 $2 {perishes.} Rc4 30. e5 Bxe5 $19) ({Weaker is} 29. Qf2 Bd6 $16) 29... Qxc5 30. Qa4 Rd8 31. Qa6 (31. Rxa7 $142 Qxa7 32. Qxa7) 31... Qf2 32. Rf7# {[%emt 0:00:03] Weighted Error Value: White=1.04/Black=1.15} 1-0

[Event "Romanian Team Blitz Open 2022"]
[Site "Sebes"]
[Date "2022.12.04"]
[Round "5.17"]
[White "Ardelean, George-Catalin"]
[Black "Anton, Teodor"]
[Result "1-0"]
[ECO "A45"]
[WhiteElo "2473"]
[BlackElo "2438"]
[Annotator "TA"]
[PlyCount "49"]
[EventDate "2022.12.04"]
[EventType "blitz"]
[EventCountry "ROU"]
[SourceTitle "playchess.com"]
[Source "ChessBase"]
[SourceQuality "1"]
[TimeControl "180+2"]

1. d4 Nf6 2. Bf4 b6 3. Nc3 Bb7 4. f3 d5 5. e4 dxe4 6. fxe4 {[%emt 0:00:01] [#] A45: Trompowsky Attack.} e6 $146 ({Predecessor:} 6... Nxe4 7. Bb5+ Nd7 8. Nxe4 Bxe4 9. Qe2 Bb7 10. Nf3 a6 11. Bc4 e6 12. d5 e5 13. Nxe5 {1-0 (34) Cornette,M (2611)-Bortnyk,O (2610) Chess.com INT 2018}) 7. Bb5+ (7. e5 $5 Nd5 8. Qd2 $11) 7... Nbd7 8. Nf3 {[%emt 0:00:56][%cal Bg1f3,Bf3e5,Be5d7,Bd7f6][%mdl 32] The position is equal.} Bb4 9. O-O Bxc3 10. bxc3 Bxe4 11. Ne5 {[%emt 0:00:49] Bxd7+ is the strong threat.} O-O 12. Qe2 Bb7 (12... Bg6 $1 $11 {keeps the balance.}) 13. Bg5 $1 $36 {[%emt 0:00:01][%mdl 2048] White has strong initiative. White has more active pieces. The black rooks are badly placed. This pair of bishops is nice.} c6 $2 {[%emt 0:00:00] [#]} (13... Nxe5 $2 14. dxe5 Qd5 15. Rxf6 $18) (13... h6 $16 {was called for.} 14. Nxd7 hxg5 15. Nxf8 Kxf8) 14. Bd3 $1 $18 (14. Bxc6 Bxc6 15. Nxc6 Qc7 $11) (14. Nxc6 Qe8 $14) 14... h6 $2 (14... Qc7 15. Nxd7 Nxd7) 15. Nxd7 {[%emt 0:00:09][%mdl 64] Pin} hxg5 {[%emt 0:00:00] [#]} 16. Nxf6+ $1 ({Weaker is} 16. Nxf8 Kxf8 17. Qe5 c5 $16) 16... gxf6 17. Qh5 f5 {[%emt 0:00:00] [#]} 18. Rxf5 $1 exf5 (18... Kg7 19. Rxg5+) 19. Bxf5 Re8 20. Qh6 (20. Qh7+ $142 Kf8 21. Qh6+ Kg8 22. Bh7+ Kh8 23. Bg6+ Kg8 24. Qh7+ Kf8 25. Qxf7#) 20... Qc7 {[%emt 0:00:28][%cal Of7f6] White must now prevent ...f6!} 21. Rf1 $2 {[%emt 0:00:05] Inhibits f6.} (21. Bh7+ {mates} Kh8 22. Bg6+ Kg8 23. Qh7+ Kf8 24. Rf1 Qf4 25. Rxf4 (25. Qxf7+ Qxf7 26. Rxf7+ Kg8 $14) 25... Re1+ 26. Kf2) 21... Ba6 $2 (21... f6 $11 22. Bd3 b5 23. Rxf6 Re1+ 24. Kf2 Re7) 22. Bh7+ Kh8 23. Bg6+ {[%emt 0:00:01][%mdl 64] Discovered Attack. White mates.} Kg8 24. Qh7+ Kf8 25. Rxf7+ {[%emt 0:00:00] Weighted Error Value: White=0.71/Black=1.34} 1-0

[Event "Romanian Team Blitz Open 2022"]
[Site "Sebes"]
[Date "2022.12.04"]
[Round "5.18"]
[White "David, Alexandru-Vasile"]
[Black "Murariu, Andrei"]
[Result "1-0"]
[ECO "D31"]
[WhiteElo "2404"]
[BlackElo "2493"]
[Annotator "TA"]
[PlyCount "67"]
[EventDate "2022.12.04"]
[EventType "blitz"]
[EventCountry "ROU"]
[SourceTitle "playchess.com"]
[Source "ChessBase"]
[SourceQuality "1"]
[TimeControl "180+2"]

1. d4 d5 2. c4 c6 3. Nf3 Nf6 4. Nc3 dxc4 5. e4 b5 6. Be2 e6 7. a4 Bb4 8. Qc2 Bb7 9. O-O a6 10. e5 Nd5 11. Ne4 {[%emt 0:00:01] D31: Queen's Gambit Declined: Semi-Slav without ...Nf6 (+ Marshall Gambit and Noteboom) and Exchange Variation lines without ...Nf6.} h6 12. b3 cxb3 (12... c3 {is interesting.} 13. Qd3 a5 14. axb5 cxb5 15. Qxb5+ Qd7) 13. Qxb3 {[%emt 0:00:02] [#] Black is slightly better.} Nd7 $146 {[%emt 0:00:13] [#]} (13... O-O $11 {keeps the balance.}) ({Predecessor:} 13... O-O 14. Ne1 Nd7 15. Qg3 Kh8 16. Qh3 Kg8 17. Nd3 c5 18. Qg3 Kh8 19. Nd6 Bc6 20. dxc5 Bxc5 21. Nxc5 Nxc5 22. Bxh6 gxh6 {0-1 (39) Bareev,E (2636)-Kharitonov,A (2524) Dagomys 2009}) 14. Ba3 $1 $16 {[%emt 0:00:09] White is more active.} bxa4 ({Black should try} 14... Bxa3 $1 $14 15. Qxa3 b4 16. Nd6+ Kf8) 15. Qb2 Qb6 16. Bxb4 Nxb4 17. Nd6+ (17. Rxa4 $6 a5 $16) 17... Kf8 (17... Ke7 $142 18. Nc4 (18. Rxa4 a5 $16) 18... Qb5) 18. Rxa4 a5 19. Rfa1 c5 20. Nc4 (20. Nxb7 $18 Qxb7 21. dxc5 (21. Rxa5 Ke7 $16)) 20... Qc7 21. Rxa5 (21. dxc5 $16 Rb8 22. Rxa5 (22. Nxa5 Bxf3 23. Bxf3 Nd5 $16)) 21... Rxa5 (21... Ke7 $14) 22. Rxa5 Nc6 $2 (22... Ke7 $1 $14) 23. Ra4 cxd4 {[%emt 0:00:03] [#]} (23... g5 $16 {keeps fighting.}) 24. Nd6 $1 $18 ({Don't take} 24. Nxd4 $6 Nxd4 25. Qxd4 Ke7) 24... Nc5 (24... d3) 25. Rc4 {[%emt 0:00:02] White is clearly winning.} Nxe5 26. Nxe5 {[%emt 0:00:07][%cal Oc4c5] And now Rxc5! would win.} Qxd6 {[%emt 0:00:01] [#]} 27. Rxc5 $1 Bd5 (27... Bc6 28. Rxc6) 28. Rc8+ (28. Qxd4 $142 Qd8 29. Bh5) 28... Ke7 29. Rxh8 Qxe5 30. Bf1 Qe4 31. Rb8 {[%emt 0:00:03] Strongly threatening Qb6.} d3 32. Qb4+ Kf6 33. Qxe4 Bxe4 34. Rd8 {[%emt 0:00:01] Weighted Error Value: White=0.83/Black=0.75} 1-0

[Event "Romanian Team Blitz Open 2022"]
[Site "Sebes"]
[Date "2022.12.04"]
[Round "5.19"]
[White "Grecescu, Gabriel-Andrei"]
[Black "Ghimpu, Samuel-Timotei"]
[Result "0-1"]
[ECO "A13"]
[WhiteElo "2388"]
[BlackElo "2455"]
[Annotator "TA"]
[PlyCount "60"]
[EventDate "2022.12.04"]
[EventType "blitz"]
[EventCountry "ROU"]
[SourceTitle "playchess.com"]
[Source "ChessBase"]
[SourceQuality "1"]
[TimeControl "180+2"]

1. c4 e6 2. Nf3 d5 3. b3 Nf6 4. e3 Bd6 5. Bb2 c6 6. g4 {[%emt 0:00:10] A13: English Opening: 1...e6.} O-O 7. g5 Ne4 8. h4 {[%emt 0:00:10] [#] The position is equal.} Re8 $146 ({Predecessor:} 8... Qe7 9. d3 Bb4+ 10. Ke2 Nd6 11. a3 Ba5 12. Bh3 c5 13. Qg1 Nc6 14. Bf6 Qe8 {1-0 (41) Gyurkovics,M (2109)-Csomor,V (2050) Budapest 2010}) 9. Qc2 (9. d3 $11 Nc5 10. d4) 9... e5 $15 10. Nc3 ({White should play} 10. a3 $15) 10... Bf5 $1 $17 {[%emt 0:00:13][%cal Oe4g3] Threatens to win with ...Ng3!} 11. d3 Nxc3 {[%emt 0:00:04] Black is more active.} 12. Bxc3 Na6 {[%emt 0:00:10] ...d4 is the strong threat.} 13. Be2 $2 {[%emt 0:00:19] [#]} (13. e4 $17 {is a better defense.} d4 14. Bb2 (14. exf5 $2 dxc3 15. Bh3 Ba3 $19)) 13... dxc4 $2 (13... d4 $1 $19 14. e4 (14. exd4 $2 e4 $19) 14... dxc3 15. exf5 Ba3) 14. bxc4 e4 15. Nd4 exd3 (15... Bg6 {simplifies} 16. Qd2 exd3 17. Bxd3 Qe7) 16. Bxd3 Nb4 17. Bxb4 Bxb4+ 18. Kf1 $2 {[%emt 0:00:01] [#]} (18. Ke2 $17 {was forced.} Bg4+ 19. Kf1) 18... Bxd3+ $1 $19 19. Qxd3 c5 20. Rb1 Ba5 21. Rxb7 {[%emt 0:00:15][%cal Od3f5] And now Qf5! would win.} cxd4 22. Qf5 (22. Qxd4 $142 Qxd4 23. exd4) 22... Rf8 (22... dxe3 $2 23. Qxf7+ Kh8 24. Qxg7#) 23. h5 (23. Qd7 $142 dxe3 24. fxe3) 23... dxe3 {[%emt 0:00:19] aiming for ...Qd2.} 24. Rd7 Qe8 25. g6 e2+ 26. Kg2 e1=Q ({Less strong is} 26... hxg6 27. hxg6 fxg6 28. Qd5+ (28. Qxa5 {leads to mate.} Qe4+ 29. f3 Qxf3+ 30. Kh2 Qf2+ 31. Kh3 Rf3+ 32. Kg4 Qg3#) 28... Rf7 29. Rxf7 Qxf7 30. Qxa8+ Qf8 31. Qd5+ (31. Qxa7 $2 {is the wrong capture.} e1=Q $19) 31... Qf7 32. Qxa5 $18) 27. gxf7+ Rxf7 28. Rxe1 Rxf5 29. Rxe8+ Rxe8 30. Rxa7 Bb6 {[%emt 0:00:02] Weighted Error Value: White=1.47/Black=0.28 (precise)} (30... Be1 $142 31. h6 Rxf2+ 32. Kh3 gxh6 33. Ra3 Rc2 34. Kg4 Rxc4+ 35. Kf3 h5 36. Rb3 Rc2 37. Kf4 Bh4 38. Re3 Rf2+ 39. Rf3 Rfe2 40. Rg3+ Kh8 41. Kf3 R8e3+ 42. Kf4 Bxg3+ 43. Kf5 Re5+ 44. Kf6 Rf2#) 0-1